 Dungeon Crawl Stone Soup version 0.18-a0-1800-gdc7a371 (webtiles) character file.

8975 epen the Martial Artist (level 11, -9/75 HPs)
             Began as an Octopode Monk on Apr 24, 2016.
             Was a High Priest of Cheibriados.
             Engulfed by a cloud of flame (43 damage)
             ... in a volcano.
             The game lasted 00:28:55 (13064 turns).

epen the Martial Artist (Octopode Monk)            Turns: 13064, Time: 00:28:55

Health: -9/75      AC:  3    Str: 23    XL:     11   Next: 39%
Magic:  16/16      EV: 24    Int: 23    God:    Cheibriados [*****.]
Gold:   491        SH:  2    Dex: 28    Spells: 2 memorised, 7 levels left

rFire  . . .     SeeInvis +       - Unarmed
rCold  . . .     Gourm    .     (no shield)
rNeg   . . .     Faith    .     y - +2 hat {SInv}
rPois  .         Spirit   .     M - +2 amulet of reflection
rElec  .         Dismiss  .     o - ring of wizardry
rCorr  .         Reflect  +     H - ring of see invisible
SustAt .         Harm     .     (no ring)
MR     .....                    (no ring)
Stlth  +++++.....               (no ring)
                                (no ring)
                                (no ring)
                                (no ring)

@: very slow, not resistant to hostile enchantments, quite stealthy
A: almost no armour, amphibious, 8 rings, constrict 8, camouflage 1, gelatinous
body 1
a: Bend Time, Temporal Distortion, Slouch, Step From Time, Renounce Religion


You were in a volcano.
You worshipped Cheibriados.
Cheibriados was extremely pleased with you.
You were not hungry.

You visited 3 branches of the dungeon, and saw 12 of its levels.
You also visited: Volcano.

You collected 491 gold pieces.

Inventory:

Armour
 y - a +2 hat of see invisible (worn)
Jewellery
 o - a ring of wizardry (left tentacle)
 B - an uncursed amulet of magic regeneration
 H - a ring of see invisible (right tentacle)
 M - a +2 amulet of reflection (around mantle)
Wands
 r - a wand of lightning (4/15)
 s - a wand of digging (5/24)
 u - a wand of polymorph (12/24)
 w - a wand of digging (11/24)
 x - a wand of confusion (18/48)
 D - a wand of flame (32/48)
 E - a wand of lightning (6/15)
 F - a wand of disintegration (14/24)
 J - a wand of flame (10/48)
 L - a wand of iceblast (7/15)
 N - a wand of teleportation (1/9)
Scrolls
 c - a scroll of amnesia
 d - 5 scrolls of teleportation
 g - 4 scrolls of enchant weapon
 j - 5 scrolls of remove curse
 m - 3 scrolls of vulnerability
 G - a scroll of recharging
 I - a scroll of enchant armour
Potions
 e - 3 potions of heal wounds
 f - 3 potions of flight
 h - 6 potions of curing
 k - a potion of experience {unknown}
 n - a potion of resistance
 p - 2 potions of haste
 q - 3 potions of might
 C - a potion of ambrosia
Books
 t - a book of Enchantments

   Spells                             Type                      Level
   a - Cause Fear                     Hexes                        4
   b - Yara's Violent Unravelling     Hexes/Transmutation          5
   c - Silence                        Hexes/Air                    5
   d - Deflect Missiles               Charms/Air                   6
   e - Haste                          Charms                       6
   f - Discord                        Hexes                        8
 v - a book of Cantrips

   Spells                             Type                      Level
   a - Corona                         Hexes                        1
   b - Animate Skeleton               Necromancy                   1
   c - Summon Small Mammal            Summoning                    1
   d - Apportation                    Translocation                1
 z - a book of Clouds

   Spells                             Type                      Level
   a - Mephitic Cloud                 Conjuration/Poison/Air       3
   b - Conjure Flame                  Conjuration/Fire             3
   c - Poisonous Cloud                Conjuration/Poison/Air       6
   d - Freezing Cloud                 Conjuration/Ice/Air          6
   e - Ring of Flames                 Charms/Fire                  7
 A - a book of Spatial Translocations

   Spells                             Type                      Level
   a - Apportation                    Translocation                1
   b - Blink                          Translocation                2
   c - Shroud of Golubria             Charms/Translocation         2
   d - Portal Projectile              Translocation                3
   e - Teleport Other                 Translocation                3
   f - Passage of Golubria            Translocation                4
 K - a Grand Grimoire

   Spells                             Type                      Level
   a - Monstrous Menagerie            Summoning                    7
   b - Summon Greater Demon           Summoning                    7
   c - Malign Gateway                 Summoning/Translocation      7
   d - Summon Horrible Things         Summoning                    8
Comestibles
 a - 9 bread rations
 b - 7 fruits
 i - 4 meat rations
 l - 8 beef jerkies


   Skills:
 + Level 7.4 Fighting
 * Level 9.9 Dodging
 - Level 5.6 Stealth
 * Level 10.3 Unarmed Combat
 - Level 4.0 Translocations
 * Level 7.8 Invocations


You had 7 spell levels left.
You knew the following spells:

 Your Spells              Type           Power        Failure   Level  Hunger
a - Apportation           Tloc           ###.......   1%          1    ##.....
b - Blink                 Tloc           N/A          1%          2    ###....


Dungeon Overview and Level Annotations

Branches:
Dungeon (10/15)            Temple (1/1) D:6            Lair (1/8) D:10
    Orc: D:9-12

Altars:
Ashenzari
Cheibriados
Dithmenos
Elyvilon
Fedhas
Gozag
Kikubaaqudgha
Makhleb
Nemelex Xobeh
Okawaru
Pakellas
Qazlal
Ru
Sif Muna
Trog
Vehumet
Xom
Yredelemnul
Zin
The Shining One

Shops:
D:9 ?

Annotations:
D:6 turtle's ghost, novice TrWr
D:9 3 exclusions


Innate Abilities, Weirdness & Mutations

You cannot wear most types of armour.
You are amphibious.
You can wear up to eight rings at the same time.
You can use your tentacles to constrict eight enemies at once.
Your skin changes colour to match your surroundings (Stealth).
Your rubbery body absorbs attacks (AC +1).


Message History

You constrict the lava snake. The lava snake spits lava at you.
The glob of lava hits you!
You tentacle-slap the lava snake. You squeeze the lava snake.
You kill the lava snake!
Cheibriados thoroughly appreciates the change of pace.
You start resting.
You are near starving!
Eat which item? (? for menu, Esc to quit)
That beef jerky was jerk-a-riffic!
The volcano roars to life, belching forth lava!
Okay, then.
Found a rocky tunnel leading out of this place.
The air gets thick with the scent of sulphur.
The volcano roars to life, belching forth lava!
You are engulfed in roaring flames.
Ouch! That really hurt!
You are engulfed in roaring flames.
Ouch! That really hurt!
You die...

≈§.≈§≈§≈§§≈§§ §§§≈§§≈§≈≈.§
§≈§§§§≈≈§≈§§§§§§§≈§≈≈≈≈≈§.
§§§§§§§§§≈§§≈≈§§§≈≈≈§≈§§§.
§≈§≈§§§≈§≈§§§§§§§≈≈≈≈§§≈≈§
≈≈§§§§§≈§§§§§≈§≈§≈≈≈≈≈.≈..
§§§§§§§§§§§§§§§§§§§≈≈.....
≈....§§§§≈§§§§≈≈§.§.......
#§§§§§§§§§§.......##
###@.§§§§§§.......#
###§§§§§§....####
##§##§#.#.## ##########


There were no monsters in sight!

Vanquished Creatures
  The ghost of Lokkij the Grappler, a novice VSMo of Ru (D:9)
  A flayed ghost (D:10)
  2 hill giants (D:10)
  A gargoyle (D:10)
  Grinder (D:3)
  3 two-headed ogres
  A shadow (D:10)
  4 wraiths (D:10)
  2 spriggans (D:9)
  4 fire bats
  2 hippogriffs
  The ghost of epen the Insei, an amateur OpMo (D:3)
  A soldier ant (D:10)
  Edmund (D:4)
  2 orc warriors (D:9)
  A black bear (D:6)
  2 ice beasts
  A wasp (D:10)
  4 phantoms
  4 ogres
  3 centaurs
  A crocodile (Lair:1)
  A giant frog (D:7)
  A gnoll sergeant (D:10)
  7 scorpions
  3 howler monkeys
  A crimson imp (D:8)
  2 centaur zombies
  2 lava snakes (Volcano)
  A giant frog zombie (D:7)
  A quasit (D:8)
  6 hounds
  3 jellies
  4 orc priests
  5 orc wizards
  2 giant frog skeletons
  Terence (D:2)
  3 iguanas
  Ijyb (D:3)
  6 worker ants
  3 killer bee zombies
  A hound zombie (D:8)
  A hound skeleton (D:4)
  9 gnolls
  11 adders
  5 river rats (Lair:1)
  9 shadow imps
  An ooze (D:1)
  An adder zombie (D:9)
  2 adder skeletons (D:6)
  3 worms
  7 giant geckos
  30 orcs
  16 bats
  5 giant cockroaches
  6 goblins
  11 hobgoblins
  5 jackals
  3 quokkas
  3 ball pythons
  A giant gecko skeleton (D:4)
  9 giant newts
  5 kobolds
  A quokka skeleton (D:5)
  8 rats
249 creatures vanquished.

Vanquished Creatures (others)
  A lightning spire (D:2)
  2 bushes (D:2)
3 creatures vanquished.

Grand Total: 252 creatures vanquished

Notes
Turn   | Place    | Note
--------------------------------------------------------------
     0 | D:1      | epen the Octopode Monk began the quest for the Orb.
     0 | D:1      | Reached XP level 1. HP: 16/16 MP: 1/1
   217 | D:1      | Reached XP level 2. HP: 21/21 MP: 2/2
   772 | D:2      | Reached XP level 3. HP: 26/26 MP: 3/3
   794 | D:2      | Found a basalt altar of Yredelemnul.
   887 | D:2      | Reached XP level 4. HP: 31/31 MP: 4/4
  1131 | D:2      | Found an oddly glowing altar of Pakellas.
  1132 | D:2      | Noticed a cyclops
  1216 | D:3      | Noticed Terence
  1231 | D:3      | Found a faded altar to an unknown god.
  1238 | D:3      | Noticed Ijyb
  1261 | D:2      | Killed Terence
  1469 | D:3      | Noticed Grinder
  1477 | D:3      | Killed Grinder
  1477 | D:3      | Reached skill level 5 in Stealth
  1477 | D:3      | Reached skill level 5 in Unarmed Combat
  1477 | D:3      | Reached XP level 5. HP: 15/37 MP: 5/5
  1477 | D:3      | Reached XP level 6. HP: 17/43 MP: 6/6
  1684 | D:3      | Found a shadowy altar of Dithmenos.
  1954 | D:3      | Killed Ijyb
  2052 | D:3      | Found a radiant altar of Vehumet.
  2052 | D:3      | Found a glowing golden altar of the Shining One.
  2052 | D:3      | Found an opulent altar of Gozag.
  2244 | D:3      | Found a deep blue altar of Sif Muna.
  2292 | D:3      | Reached XP level 7. HP: 46/48 MP: 7/7
  2380 | D:3      | Noticed epen's ghost (amateur OpMo)
  2400 | D:3      | Killed epen's ghost
  2854 | D:3      | Found a burning altar of Makhleb.
  2905 | D:4      | Noticed Edmund
  2915 | D:4      | Killed Edmund
  2915 | D:4      | Reached skill level 5 in Dodging
  2915 | D:4      | Reached skill level 6 in Unarmed Combat
  3615 | D:4      | Reached XP level 8. HP: 54/54 MP: 8/8
  3823 | D:5      | Entered Level 5 of the Dungeon
  4032 | D:5      | Reached skill level 5 in Fighting
  4458 | D:5      | Found a glowing drain.
  4649 | D:5      | Reached skill level 7 in Unarmed Combat
  4878 | D:5      | Found a blossoming altar of Fedhas.
  5470 | D:6      | Noticed turtle's ghost (novice TrWr)
  5595 | D:6      | Found a staircase to the Ecumenical Temple.
  5601 | Temple   | Entered the Ecumenical Temple
  5712 | Temple   | Became a worshipper of Cheibriados the Contemplative
  5712 | Temple   | Reached * piety under Cheibriados
  5712 | Temple   | Reached ** piety under Cheibriados
  6510 | D:7      | Reached skill level 1 in Invocations
  6554 | D:7      | Found a bloodstained altar of Trog.
  6589 | D:7      | Reached XP level 9. HP: 61/61 MP: 9/9
  6700 | D:7      | Reached skill level 8 in Unarmed Combat
  6910 | D:7      | Found a shimmering altar of Xom.
  7079 | D:7      | Found a white marble altar of Elyvilon.
  7089 | D:7      | Found an iron altar of Okawaru.
  7096 | D:7      | Learned a level 1 spell: Apportation
  7108 | D:7      | Learned a level 2 spell: Blink
  7144 | D:7      | Reached *** piety under Cheibriados
  7491 | D:8      | Reached skill level 1 in Translocations
  7853 | D:8      | Noticed a two-headed ogre
  7858 | D:8      | Killed a two-headed ogre
  8564 | D:8      | Noticed a two-headed ogre
  8567 | D:8      | Killed a two-headed ogre
  8817 | D:9      | Noticed Lokkij's ghost (novice VSMo)
  9074 | D:9      | Reached XP level 10. HP: 49/68 MP: 13/13
  9251 | D:9      | Reached **** piety under Cheibriados
  9378 | D:9      | Killed Lokkij's ghost
  9378 | D:9      | Reached skill level 9 in Unarmed Combat
  9378 | D:9      | Reached skill level 5 in Invocations
  9740 | D:9      | Found a stormy altar of Qazlal.
  9914 | D:9      | Found Opuese Neqi's Magic Scroll Shoppe.
 10097 | D:10     | Entered Level 10 of the Dungeon
 10801 | D:10     | Noticed a hill giant
 10873 | D:10     | Noticed a hill giant
 10882 | D:10     | Killed a hill giant
 11082 | D:10     | Found a runed door.
 11193 | D:10     | Found a basalt altar of Yredelemnul.
 11215 | D:10     | Found a shattered altar of Ashenzari.
 11227 | D:10     | Found a snail-covered altar of Cheibriados.
 11257 | D:10     | Found a sacrificial altar of Ru.
 11261 | D:10     | Reached ***** piety under Cheibriados
 11308 | D:10     | Reached XP level 11. HP: 72/75 MP: 16/16
 11329 | D:10     | Found a shimmering altar of Xom.
 11335 | D:10     | Found a snail-covered altar of Cheibriados.
 11469 | D:10     | Noticed a flayed ghost
 11476 | D:10     | Killed a flayed ghost
 11476 | D:10     | Reached skill level 10 in Unarmed Combat
 11669 | D:10     | Killed a hill giant
 11676 | D:10     | Found a staircase to the Lair.
 12196 | D:10     | Identified a scroll of acquirement
 12210 | Lair:1   | Entered Level 1 of the Lair of Beasts
 12262 | Lair:1   | Noticed a six-headed hydra
 12339 | Lair:1   | Found a dark tunnel.
 12556 | Volcano  | Entered a volcano
 13064 | Volcano  | Engulfed by a cloud of flame

Vault maps used:
D:1:      minmay_arrival_checkered_box, st_stairs_2
D:2:      overflow_temple_1_default, first_bread,
          gammafunk_pakellas_spire_experiment
D:3:      lemuel_round_altar, nicolae_overflow_hidden_temple,
          lemuel_doored_altar, gammafunk_temple_overflow_claw,
          ecumenical_altar_1, uniq_terence, uniq_iyjb, uniq_grinder
D:4:      minivault_14, grunt_decor_one_mirror, uniq_edmund
D:5:      kennysheep_big_flooded_room, fedhas_bush_and_centaur_altar,
          portal_sewer_entry_f, amalloy_card_club
D:6:      minmay_temple_entry_enclosed_plants, portal_sewer_entry_d
D:7:      kennysheep_little_box, grunt_temple_overflow_open, bloody_trog
D:9:      forest_paths, lemuel_coloured_pillars_altar, serial_shops, shop,
          the_bakery
D:10:     due_megacathedral, lair_0_dummy
Temple:   jpeg_temple_alley_garden_8
Lair:1:   nicolae_volcano_entry_batcave, infiniplex_staircase_pool_2
Volcano:  volcano_lake

Skill      XL: |  1  2  3  4  5  6  7  8  9 10 11 |
---------------+----------------------------------+-----
Stealth        | 3 5 |  5.6
Dodging        | 4 5 7 8 9 |  9.9
Unarmed Combat | 5 6 7 8 9 10 | 10.3
Fighting       | 4 5 6 7 |  7.4
Invocations    | 1 4 6 7 |  7.8
Translocations | 2 4 |  4.0

Action                   |  1- 3 |  4- 6 |  7- 9 | 10-12 || total
-------------------------+-------+-------+-------+-------++-------
Melee: Unarmed           |    50 |    85 |   287 |   208 ||   630
       Constrict         |    11 |    19 |    57 |    40 ||   127
       Tentacles         |     8 |    22 |    91 |    78 ||   199
       Punch             |     3 |     1 |    29 |    30 ||    63
Invok: Slouch            |       |       |       |     3 ||     3
  Use: Scroll            |       |       |    17 |     5 ||    22
       Potion            |       |       |     2 |     4 ||     6
 Stab: Sleeping          |    10 |     9 |    15 |     7 ||    41
       Distracted        |       |       |     4 |     2 ||     6
  Eat: Chunk             |       |     4 |    12 |       ||    16
       Royal jelly       |       |       |     1 |       ||     1
       Pizza             |       |       |     1 |       ||     1
       Meat ration       |       |       |       |     1 ||     1
       Beef jerky        |       |       |       |     1 ||     1
Armor: Skin              |     2 |     5 |     7 |     9 ||    23
Dodge: Dodged            |    28 |    45 |   173 |   225 ||   471
Block: Other             |       |       |       |     4 ||     4
